 Dungeon Crawl Stone Soup version 0.26.1-16-g4e020e15dc (webtiles) character file.

Game seed: 7274030897504329172

272 BiteMe the Firebug (level 6, 0/49 HPs)
             Began as a Draconian Fire Elementalist on Jan 2, 2024.
             Hit by a boomerang thrown by an orc warrior (16 damage)
             ... on level 4 of the Dungeon.
             The game lasted 00:35:06 (3631 turns).

BiteMe the Firebug (Draconian Fire Elementalist)    Turns: 3631, Time: 00:35:07

Health: 0/49       AC:  7    Str: 12    XL:     6   Next: 2%
Magic:  3/10       EV: 12    Int: 16    God:
Gold:   236        SH:  0    Dex: 11    Spells: 10/11 levels left

rFire    . . .     SeeInvis .   e - +2 short sword (drain)
rCold    . . .     Faith    .   (no shield)
rNeg     . . .     Spirit   .   (armour unavailable)
rPois    .         Reflect  .   (helmet restricted)
rElec    .         Harm     .   (no cloak)
rCorr    .         Rampage  .   (no gloves)
Will     .....                  g - +0 pair of boots
Stlth    ++........             (no amulet)
HPRegen  0.16/turn              (no ring)
MPRegen  0.12/turn              (no ring)

@: no status effects
A: unfitting armour, cold-blooded, AC +6
a: no special abilities


You were on level 4 of the Dungeon.
You visited 1 branch of the dungeon, and saw 6 of its levels.

You collected 236 gold pieces.

Inventory:

Hand Weapons
 e - a +2 short sword of draining (weapon)
 n - a +0 war axe
Missiles
 i - 48 arrows
 p - 19 bolts
Armour
 g - a +0 pair of boots (worn)
Scrolls
 a - 2 scrolls of teleportation {unknown}
 f - a scroll of blinking {unknown}
 h - 2 scrolls of fear {unknown}
 k - a scroll of remove curse {unknown}
 l - a scroll of identify {unknown}
 m - 2 scrolls of magic mapping {unknown}
Potions
 b - a potion of magic {unknown}
 c - 2 potions of degeneration {unknown}
 d - a potion of flight {unknown}
 j - a potion of heal wounds {unknown}
 o - a potion of curing {unknown}


   Skills:
 * Level 2.3 Fighting
 + Level 2.7 Dodging
 - Level 1.7 Stealth
 + Level 3.0 Spellcasting
 * Level 3.2 Conjurations
 + Level 4.1 Fire Magic


You had 10 spell levels left.
You knew the following spells:

 Your Spells              Type           Power        Failure   Level
a - Foxfire               Conj/Fire      56%          4%          1

Your spell library contained the following spells:

 Spells                   Type           Power        Failure   Level
 Conjure Flame            Conj/Fire      14%          12%         3
 Inner Flame              Hex/Fire       8%           24%         3
 Sticky Flame             Conj/Fire      14%          38%         4
 Fireball                 Conj/Fire      7%           75%         5


Dungeon Overview and Level Annotations

Branches:
Dungeon (6/15)
 Temple: D:4-7

Altars:

Annotations:
D:3 1 transporter, lake5's ghost, amateur MiFi


Innate Abilities, Weirdness & Mutations

Your plain brown scales are hard. (AC +6)
You cannot fit into any form of body armour.
You are cold-blooded and may be slowed by cold attacks.


Message History

The weapon returns to the orc warrior!
Casting: Foxfire (safe; 4% risk of failure)
Press: ? - help, Q - select action Dir - look around, f - activate You conjure some foxfire!
The jackal skeleton barely misses you.
Your foxfire dissipates!
The foxfire hits the jackal skeleton.
The jackal skeleton is severely damaged.
Casting: Foxfire (safe; 4% risk of failure)
Press: ? - help, Q - select action Dir - look around, f - activate You conjure some foxfire!
The jackal skeleton bites you but does no damage.
The foxfire hits the jackal skeleton.
You destroy the jackal skeleton!
The foxfire hits the orc warrior but does no damage.
The orc warrior throws a boomerang.
The boomerang barely misses you.
The weapon returns to the orc warrior!
An orc warrior is nearby!
The orc warrior throws a boomerang.
The boomerang hits you!
You die...

#o##.# # #)##.#
....##l##.##
.......o..l.#
.##.....##o.#
#?######..# #
#..#####.
#.##.######ol......
#.....@.........###
####.######...#.# #
#.#...# ..##.## ..#
.# ..# .# #..# .#


You could see an orc warrior and a leopard gecko.

Vanquished Creatures
  A water moccasin skeleton (D:4)
  A bullfrog skeleton (D:4)
  An orc priest (D:4)
  An orc wizard (D:5)
  4 adders
  A shadow imp (D:5)
  A dart slug (D:3)
  4 leopard geckos
  11 orcs
  4 bats
  4 giant cockroaches
  10 goblins
  10 hobgoblins
  9 frilled lizards
  A jackal skeleton (D:4)
  10 kobolds
  7 rats
80 creatures vanquished.

Vanquished Creatures (others)
  127 foxfires
127 creatures vanquished.

Grand Total: 207 creatures vanquished

Notes
Turn   | Place    | Note
-------+----------+-------------------------------------------
     0 | D:1      | BiteMe the Draconian Fire Elementalist began the quest for
                  | the Orb.
     0 | D:1      | Reached XP level 1. HP: 14/14 MP: 3/3
   207 | D:1      | Reached XP level 2. HP: 20/20 MP: 0/5
  1073 | D:1      | Reached XP level 3. HP: 27/27 MP: 4/6
  1227 | D:1      | Reached skill level 1 in Fighting
  2275 | D:3      | Reached XP level 4. HP: 34/35 MP: 5/7
  2338 | D:3      | Found a transporter.
  2341 | D:3      | Noticed lake5's ghost (amateur MiFi)
  2342 | D:3      | Noticed an ogre
  2343 | D:3      | Noticed an ogre
  3101 | D:4      | Reached XP level 5. HP: 12/41 MP: 2/9
  3392 | D:4      | Reached skill level 4 in Fire Magic
  3590 | D:4      | You fall into a shaft and drop 2 floors!
  3597 | D:5      | Entered Level 5 of the Dungeon
  3598 | D:5      | Noticed an orc warrior
  3612 | D:5      | Reached XP level 6. HP: 32/49 MP: 3/10
  3631 | D:4      | Hit by a boomerang thrown by an orc warrior

Illustrated notes

Levels and vault maps discovered:
D:1:      minmay_arrival_radiant_lines, layout_basic, hex_intersection
D:2:      kennysheep_big_flooded_room, layout_basic, minivault_4,
          minmay_tree_intersection
D:3:      layout_basic, gammafunk_ghost_smash
D:4:      layout_loops_ring
D:5:      layout_basic, gammafunk_ghost_cemetery
D:6:      layout_cave_pools, basic_altar

Skill      XL: |  1  2  3  4  5 |
---------------+----------------+-----
Dodging        | 2 |  2.7
Fighting       | 1 2 |  2.3
Conjurations   | 2 3 |  3.2
Fire Magic     | 4 |  4.1
Spellcasting   | 3 |  3.0
Stealth        | |  1.7

Action                   |  1- 3 |  4- 6 || total
-------------------------+-------+-------++-------
Melee: Whip              |    29 |       ||    29
       Short sword       |    51 |    55 ||   106
       Tailslap          |     3 |     6 ||     9
 Cast: Foxfire           |    37 |    41 ||    78
 Stab: Sleeping          |     5 |     1 ||     6
Armor: Skin              |    20 |    19 ||    39
Dodge: Dodged            |    46 |    38 ||    84
